 Dungeon Crawl Stone Soup version 0.22-a0-815-gb582571 (webtiles) character file.

212 Daviar the Firebug (level 5, -2/28 HPs)
             Began as a Tengu Fire Elementalist on July 23, 2018.
             Killed from afar by an orc wizard (4 damage)
             ... with a magic dart
             ... on level 3 of the Dungeon.
             The game lasted 00:09:12 (3818 turns).

Daviar the Firebug (Tengu Fire Elementalist)        Turns: 3818, Time: 00:09:13

Health: -2/28      AC:  2    Str:  9    XL:     5   Next: 90%
Magic:  1/11       EV: 12    Int: 16    God:
Gold:   146        SH:  0    Dex: 14    Spells: 5/11 levels left

rFire    . . .     SeeInvis .   r - +0 mace (curse)
rCold    . . .     Gourm    .   (no shield)
rNeg     . . .     Faith    .   a - +0 robe
rPois    .         Spirit   .   (helmet restricted)
rElec    .         Reflect  .   (no cloak)
rCorr    .         Harm     .   (no gloves)
MR       .....                  (boots unavailable)
Stlth    ++........             (no amulet)
HPRegen  0.09/turn              (no ring)
MPRegen  0.12/turn              (no ring)

@: no status effects
A: beak, talons 3, able to fly 1
a: Fly


You were on level 3 of the Dungeon.
You were not hungry.

You visited 1 branch of the dungeon, and saw 3 of its levels.

You collected 146 gold pieces.

Inventory:

Hand Weapons
 p - a +0 dagger
 r - a cursed +0 mace (weapon)
Armour
 a - a +0 robe (worn)
Wands
 l - a wand of paralysis (2)
Scrolls
 b - 2 scrolls of identify {unknown}
 d - 2 scrolls of immolation {unknown}
 e - a scroll of magic mapping {unknown}
 j - a scroll of fog {unknown}
 m - a scroll of remove curse {unknown}
 q - a scroll of amnesia {unknown}
Potions
 f - 2 potions of berserk rage {unknown}
 g - 2 potions of lignification {unknown}
 h - 2 potions of agility {unknown}
 i - a potion of degeneration {unknown}
 n - 2 potions of cancellation {unknown}
 o - a potion of might {unknown}
Comestibles
 c - 6 rations
 k - 5 chunks of flesh


   Skills:
 - Level 2.1 Dodging
 - Level 2.0 Stealth
 + Level 3.5 Spellcasting
 + Level 4.3 Conjurations
 + Level 4.8 Fire Magic


You had 5 spell levels left.
You knew the following spells:

 Your Spells              Type           Power        Failure   Level  Hunger
a - Flame Tongue          Conj/Fire      ###..        2%          1    None
b - Throw Flame           Conj/Fire      ###...       4%          2    ##.....
e - Conjure Flame         Conj/Fire      ###.....     9%          3    ###....

Your spell library contained the following spells:

 Spells                   Type           Power        Failure   Level  Hunger
 Fireball                 Conj/Fire      ###.......   58%         5    ######.
 Sticky Flame             Conj/Fire      ###.....     26%         4    ####...
 Inner Flame              Hex/Fire       ##......     21%         3    ###....


Dungeon Overview and Level Annotations

Branches:
Dungeon (3/15)

Altars:


Innate Abilities, Weirdness & Mutations

You have a beak for a mouth.
You have claws for feet.
You can fly.


Message History

Aim: an orc wizard, wielding a dagger and wearing a robe (almost dead, fast)
The flame tongue hits the orc wizard.
The orc wizard appears unharmed.
The orc wizard is almost dead.
The orc wizard miscasts a cantrip.
The orc priest calls upon Beogh to heal the orc wizard.
The orc wizard is healed somewhat.
You now have 2/11 mp.
Casting: Flame Tongue (safe; 2% risk of failure)
Confirm with . or Enter, or press ? or * to list all spells.
Aiming: Flame Tongue (safe; 2% risk of failure)
Press: ? - help, Shift-Dir - straight line, f/p - orc wizard
Aim: an orc wizard, wielding a dagger and wearing a robe (heavily wounded, fast)
The flame tongue hits the orc wizard.
The orc wizard is almost dead.
The orc wizard hits you but does no damage.
The orc priest calls upon Beogh to heal the orc wizard.
The orc wizard is healed somewhat.
The orc wizard gestures at you while chanting.
The magic dart hits you!
You die...

.# #..g?.# #.# .#
.....# #.# .# .o..#
#.# .# .?.# #.# .#
.)# #.# ## #g# #.# ##
#o# #.# .# ##[####.#
.##### #@o...#.#
.....#### #.....#.#
#.......# #.....#.#
........####
#.....#.#
.......)...#
#.....#.#
...........#
##.....#.#
...........#
#......#.#
####.......#
#.##.#.#.#
#.......####.##.#...#


You could see an orc priest, an orc wizard and a hobgoblin.

Vanquished Creatures
  A crimson imp (D:3)
  A jelly (D:3)
  An orc priest (D:3)
  Robin (D:2)
  4 adders
  2 worms (D:2)
  2 leopard geckos (D:2)
  4 orcs (D:3)
  8 bats
  3 giant cockroaches
  9 hobgoblins
  2 jackals (D:3)
  3 frilled lizards
  10 goblins
  3 kobolds
  10 rats
64 creatures vanquished.

Notes
Turn   | Place    | Note
-------+----------+-------------------------------------------
     0 | D:1      | Daviar the Tengu Fire Elementalist began the quest for the Orb.
     0 | D:1      | Reached XP level 1. HP: 10/10 MP: 4/4
   425 | D:1      | Reached XP level 2. HP: 14/15 MP: 0/6
  1314 | D:2      | Reached XP level 3. HP: 14/19 MP: 5/7
  1402 | D:2      | Noticed Robin
  1568 | D:1      | Learned a level 2 spell: Throw Flame
  2183 | D:2      | Reached XP level 4. HP: 19/24 MP: 0/9
  2326 | D:2      | Learned a level 3 spell: Conjure Flame
  2665 | D:3      | Gained mutation: You can fly. [Tengu growth]
  2665 | D:3      | Reached XP level 5. HP: 9/28 MP: 4/10
  3451 | D:2      | Killed Robin
  3818 | D:3      | Killed from afar by an orc wizard

Vault maps used:
D:1:      sevenhm_arrival_forest_fort_small_3
D:2:      first_ration, minivault_27, uniq_robin
D:3:      lemuel_crystal_altar, minmay_stone_trees_small

Skill      XL: |  1  2  3  4  5 |
---------------+----------------+-----
Conjurations   | 2 3 4 |  4.3
Fire Magic     | 4 |  4.8
Spellcasting   | 3 |  3.5
Dodging        | |  2.1
Stealth        | |  2.0

Action                   |  1- 3 |  4- 6 || total
-------------------------+-------+-------++-------
Melee: Unarmed           |    16 |       ||    16
       Kick              |     4 |     7 ||    11
       Dagger            |       |    11 ||    11
       Mace              |       |    38 ||    38
       Peck              |       |     4 ||     4
 Cast: Flame Tongue      |    66 |    54 ||   120
       Throw Flame       |       |     2 ||     2
  Eat: Chunk             |     4 |     6 ||    10
Armor: Robe              |    14 |     9 ||    23
Dodge: Dodged            |    71 |    52 ||   123

Table legend:
 A = Spawn XP
 B = Non-spawn XP
 C = Spawn XP percentage of total XP
 D = Spawn monster count
 E = Non-spawn monster count
 F = Spawn count percentage of total count
 G = Total turns spent on level
                    A         B        C        D         E        F      G
               +---------+---------+-------+---------+---------+-------+---------
         Total |       0 |     304 |   0.0 |       0 |      64 |   0.0 |  3818
               +---------+---------+-------+---------+---------+-------+---------
           D:1 |       0 |      36 |   0.0 |       0 |      23 |   0.0 |  1549
           D:2 |       0 |      94 |   0.0 |       0 |      23 |   0.0 |  1403
           D:3 |       0 |     174 |   0.0 |       0 |      18 |   0.0 |   866
               +---------+---------+-------+---------+---------+-------+---------
